 Dungeon Crawl Stone Soup version 0.22-a0-803-gd6d8abe (webtiles) character file.

124 inc the Changer (level 5, -2/44 HPs)
             Began as a Naga Transmuter on July 22, 2018.
             Slain by a rat (3 damage)
             ... on level 4 of the Dungeon.
             The game lasted 00:10:09 (3830 turns).

inc the Changer (Naga Transmuter)                   Turns: 3830, Time: 00:10:09

Health: -2/44      AC:  9    Str: 14    XL:     5   Next: 8%
Magic:  1/8        EV:  7    Int: 12    God:
Gold:   92         SH:  0    Dex: 12    Spells: 5/8 levels left

rFire    + . .     SeeInvis +     - Unarmed
rCold    . . .     Gourm    .   (no shield)
rNeg     . . .     Faith    .   m - +2 scale mail {MR+}
rPois    +         Spirit   .   (no helmet)
rElec    .         Reflect  .   (no cloak)
rCorr    +         Harm     .   (no gloves)
MR       +....                  (no barding)
Stlth    ..........             (no amulet)
HPRegen  0.14/turn              h - +2 ring of strength
MPRegen  0.11/turn              p - ring of resist corrosion

@: very slightly contaminated, very slow
A: large, thin metallic scales 1, see invisible, deformed body, deterioration 1,
dopey 1, fire resistance 1, poison resistance, slowness 2, slow metabolism 1,
spit poison 1, AC +1
a: Spit Poison


You were on level 4 of the Dungeon.
You were not hungry.

You visited 1 branch of the dungeon, and saw 4 of its levels.

You collected 92 gold pieces.

Inventory:

Hand Weapons
 b - a +0 blowgun
Missiles
 a - 23 arrows
 o - 5 poisoned needles
Armour
 m - a +2 scale mail of magic resistance (worn)
 n - a +0 robe
Jewellery
 h - a +2 ring of strength (left hand)
 p - a ring of resist corrosion (right hand)
Wands
 l - a wand of random effects (12)
Scrolls
 j - a scroll of teleportation
 k - 7 scrolls of identify {unknown}
Potions
 e - a potion of flight
 i - 2 potions of curing
Comestibles
 d - 9 rations


   Skills:
 - Level 1.0 Fighting
 + Level 1.8 Armour
 - Level 1.5 Dodging
 - Level 3.0 Unarmed Combat
 - Level 2.0 Spellcasting
 - Level 4.3 Transmutations


You had 5 spell levels left.
You knew the following spells:

 Your Spells              Type           Power        Failure   Level  Hunger
a - Beastly Appendage     Tmut           ##....       19%         1    ##.....
b - Sticks to Snakes      Tmut           ##......     28%         2    ###....

Your spell library contained the following spells:

 Spells                   Type           Power        Failure   Level  Hunger
 Spider Form              Tmut/Pois      #.........   80%         3    ####...
 Blade Hands              Tmut           ##........   99%         5    ######.
 Ice Form                 Ice/Tmut       #.......     99%         4    #####..


Dungeon Overview and Level Annotations

Branches:
Dungeon (4/15)
 Temple: D:4-7

Altars:
Dithmenos
Nemelex Xobeh
Trog
Xom

Annotations:
D:3 2 transporters


Innate Abilities, Weirdness & Mutations

You cannot wear boots.
Your serpentine skin is tough. (AC +1)
You have supernaturally acute eyesight. (SInv)
Armour fits poorly on your strangely shaped body.
Your system is resistant to poisons. (rPois)
You cover ground very slowly.
You have a slow metabolism.
You can spit poison.
You are partially covered in thin metallic scales. (AC +2)
Your body sometimes deteriorates upon taking damage.
You are dopey. (Int -2)
Your flesh is heat resistant. (rF+)


Message History

The rat bites you but does no damage. The rat closely misses you.
The rat bites you but does no damage. x2
You see here a spear.
The rat bites you but does no damage. x2; The rat bites you.
* * * LOW HITPOINT WARNING * * *
The rat bites you but does no damage. x2
Unknown command.
The moth of wrath goads the rat on!
The rat goes berserk!
The rat bites you but does no damage. The rat barely misses you.
The rat bites you but does no damage. x4; The rat bites you.
* * * LOW HITPOINT WARNING * * *
Unknown command.
The moth of wrath goads the worm on!
The worm goes berserk!
The rat bites you but does no damage. x2; The rat barely misses you.
The rat bites you but does no damage. The rat bites you.
* * * LOW HITPOINT WARNING * * *
The rat bites you but does no damage. The rat bites you but does no damage.
The rat bites you.
You die...

###..)###
##)......##
#)..._...)#
##.........##
#....###....#
#...##y##w..#
#....###....#
#......rrr..#
#.....@r..##
##.......##
####+####


You could see a moth of wrath, a worm (berserk) and 4 rats.

Vanquished Creatures
  An orc wizard (D:3)
  Terence (D:3)
  2 adders
  2 oozes (D:3)
  A dart slug (D:1)
  2 leopard geckos
  5 orcs (D:4)
  6 bats
  4 giant cockroaches
  3 goblins
  4 hobgoblins
  4 frilled lizards
  6 kobolds
  5 rats
46 creatures vanquished.

Vanquished Creatures (collateral kills)
  An orc (D:3)
  A quokka (D:3)
2 creatures vanquished.

Grand Total: 48 creatures vanquished

Notes
Turn   | Place    | Note
-------+----------+-------------------------------------------
     0 | D:1      | inc the Naga Transmuter began the quest for the Orb.
     0 | D:1      | Reached XP level 1. HP: 18/18 MP: 3/3
   303 | D:1      | Reached XP level 2. HP: 22/25 MP: 5/5
  1029 | D:1      | Reached skill level 3 in Transmutations
  1587 | D:2      | Found a sparkling altar of Nemelex Xobeh.
  1619 | D:2      | Found a shadowy altar of Dithmenos.
  1902 | D:2      | Reached XP level 3. HP: 25/31 MP: 6/6
  2518 | D:2      | Found a blossoming altar of Fedhas.
  2520 | D:2      | Found a bloodstained altar of Trog.
  2520 | D:2      | Found a shimmering altar of Xom.
  2522 | D:2      | Found a sparkling altar of Nemelex Xobeh.
  2522 | D:2      | Found a shimmering altar of Xom.
  2522 | D:2      | Found a glowing golden altar of the Shining One.
  2805 | D:3      | Noticed Terence
  2831 | D:3      | Killed Terence
  2831 | D:3      | Reached skill level 4 in Transmutations
  2831 | D:3      | Reached XP level 4. HP: 6/38 MP: 7/7
  2850 | D:3      | Learned a level 2 spell: Sticks to Snakes
  3212 | D:3      | Reached skill level 1 in Armour
  3337 | D:3      | Found a transporter.
  3339 | D:3      | Noticed a kobold demonologist
  3353 | D:3      | Found a transporter.
  3773 | D:4      | Reached XP level 5. HP: 31/44 MP: 6/8
  3799 | D:4      | Gained mutation: You are dopey. (Int -2) [potion of mutation]
  3799 | D:4      | Gained mutation: Your body sometimes deteriorates upon taking damage. [potion of mutation]
  3799 | D:4      | Gained mutation: Your flesh is heat resistant. (rF+) [potion of mutation]
  3799 | D:4      | Gained mutation: You are partially covered in thin metallic scales. (AC +2) [potion of mutation]
  3815 | D:4      | Noticed an ogre
  3818 | D:4      | Noticed an ogre
  3818 | D:4      | Noticed an ogre
  3819 | D:4      | Found a bloodstained altar of Trog.
  3820 | D:4      | Noticed a moth of wrath
  3829 | D:4      | HP: 1/44 [rat (2)]
  3830 | D:4      | Slain by a rat

Vault maps used:
D:1:      dpeg_arrival_more_subterranean_lakeside_camping
D:2:      doesnt_xom_only_xom, nicolae_dithmenos_shadow_blocks,
          nemelex_xobeh_ov_fountains_minmay
D:3:      gammafunk_wand_slinger, minmay_misc_feat_iff, uniq_terence
D:4:      tgw_trog, overflow_temple_1_default, first_ration,
          minmay_ruined_shrine

Skill      XL: |  1  2  3  4 |
---------------+-------------+-----
Transmutations | 3 4 |  4.3
Armour         | 1 |  1.8
Fighting       | |  1.0
Dodging        | |  1.5
Unarmed Combat | |  3.0
Spellcasting   | |  2.0

Action                   |  1- 3 |  4- 6 || total
-------------------------+-------+-------++-------
Melee: Unarmed           |   142 |    55 ||   197
       Headbutt          |     5 |     4 ||     9
       Punch             |     2 |     1 ||     3
 Fire: Blowgun           |       |     3 ||     3
 Cast: Beastly Appendage |     6 |     2 ||     8
       Sticks to Snakes  |       |     7 ||     7
 Abil: Spit Poison       |       |     6 ||     6
       End Transformatio |       |     1 ||     1
  Use: Potion            |       |     4 ||     4
       Scroll            |       |     3 ||     3
 Stab: Sleeping          |     3 |       ||     3
  Eat: Chunk             |     4 |     2 ||     6
       Ration            |       |     1 ||     1
Armor: Robe              |    40 |       ||    40
       Scale mail        |       |    55 ||    55
Dodge: Dodged            |    82 |    31 ||   113

Table legend:
 A = Spawn XP
 B = Non-spawn XP
 C = Spawn XP percentage of total XP
 D = Spawn monster count
 E = Non-spawn monster count
 F = Spawn count percentage of total count
 G = Total turns spent on level
                    A         B        C        D         E        F      G
               +---------+---------+-------+---------+---------+-------+---------
         Total |       0 |     178 |   0.0 |       0 |      48 |   0.0 |  3830
               +---------+---------+-------+---------+---------+-------+---------
           D:1 |       0 |      27 |   0.0 |       0 |      16 |   0.0 |  1518
           D:2 |       0 |      29 |   0.0 |       0 |      10 |   0.0 |  1181
           D:3 |       0 |     105 |   0.0 |       0 |      16 |   0.0 |   795
           D:4 |       0 |      17 |   0.0 |       0 |       6 |   0.0 |   336
               +---------+---------+-------+---------+---------+-------+---------
